 Dungeon Crawl Stone Soup version 0.31-a0-981-geadf994542 (webtiles) character file.

Game seed: 7545074596768248984

2 Frost42 the Slasher (level 1, -2/17 HPs)
             Began as a Barachi Reaver on Oct 31, 2023.
             Frozen to death by an endoplasm (3 damage)
             ... on level 1 of the Dungeon.
             The game lasted 00:01:01 (37 turns).

Frost42 the Slasher (Barachi Reaver)                  Turns: 37, Time: 00:01:01

Health: -2/17      AC:  3    Str: 13    XL:     1   Next: 30%
Magic:  3/3        EV: 11    Int: 13    God:
Gold:   8          SH:  0    Dex: 10    Spells: 3/4 levels left

rFire   . . .        a - +0 falchion
rCold   . . .        (no shield)
rNeg    . . .        b - +0 leather armour
rPois   .            (no helmet)
rElec   .            (no cloak)
rCorr   .            (no gloves)
SInv    .            (no boots)
Will    .....        (no amulet)
Stlth   +            (no ring)
HPRegen 0.22/turn    (no ring)
MPRegen 0.08/turn

%: no passive effects
@: slow
A: amphibious, slowness 1, strong legs 1, +LOS
a: Hop


You were on level 1 of the Dungeon.
You visited 1 branch of the dungeon, and saw 1 of its levels.

You collected 8 gold pieces.

Inventory:

Hand Weapons
 a - a +0 falchion (weapon)
Armour
 b - a +0 leather armour (worn)


   Skills:
 * Level 2.5 Fighting
 + Level 3.6 Long Blades
 * Level 2.2 Dodging
 + Level 2.2 Spellcasting
 + Level 3.3 Conjurations


You had 3 spell levels left.
You knew the following spells:

 Your Spells              Type           Power      Damage    Failure   Level
a - Kiss of Death         Conj/Necr      20%        2d7       16%         1

Your spell library contained the following spells:

 Spells                   Type           Power      Damage    Failure   Level
 Momentum Strike          Conj/Tloc      10%        3d8       24%         2
 Hailstorm                Conj/Ice       5%         3d4       43%         3


Dungeon Overview and Level Annotations

Branches:
Dungeon (1/15)

Altars:


Innate Abilities, Weirdness & Mutations

You are amphibious.
You cover ground slowly.
You can hop short distances.
You have an extended range of vision and can be seen from far away.


Message History

You barely miss the endoplasm.
The endoplasm is almost dead.
The endoplasm closely misses you. The endoplasm freezes you.
You are frozen.
You hit the endoplasm.
You kill the endoplasm!
The endoplasm freezes you.
You are frozen.
The endoplasm freezes you.
You are frozen.
You barely miss the frilled lizard. The frilled lizard barely misses you.
The endoplasm freezes you.
You are frozen.
You closely miss the frilled lizard. The frilled lizard barely misses you.
The endoplasm closely misses you.
You miss the frilled lizard. The frilled lizard bites you.
The endoplasm closely misses you.
You closely miss the frilled lizard.
The frilled lizard completely misses you.
The endoplasm hits you.
* * * LOW HITPOINT WARNING * * *
You miss the frilled lizard. The frilled lizard misses you.
The endoplasm closely misses you. The frilled lizard bites you.
* * * LOW HITPOINT WARNING * * *
You hit the frilled lizard but do no damage.
The endoplasm hits you.
* * * LOW HITPOINT WARNING * * *
The frilled lizard closely misses you.
You hit the frilled lizard.
You kill the frilled lizard!
The endoplasm completely misses you. The endoplasm freezes you.
You are frozen.
* * * LOW HITPOINT WARNING * * *
The endoplasm barely misses you. The endoplasm closely misses you.
The endoplasm freezes you.
You are frozen.
You die...

#<# #.# #.# #.#
##.# ##..# ##...#
##....+ #..~J@#
##....# ##...#
##..# ##.#
............J.#
..l........J.....
....#..........#.
... #.#####......


You could see an endoplasm.

Vanquished Creatures
  An endoplasm (D:1)
  A frilled lizard (D:1)
2 creatures vanquished.

Notes
Turn   | Place    | Note
-------+----------+-------------------------------------------
     0 | D:1      | Frost42 the Barachi Reaver began the quest for the Orb.
     0 | D:1      | Reached XP level 1. HP: 17/17 MP: 3/3
    37 | D:1      | Frozen to death by an endoplasm

Illustrated notes

Levels and vault maps discovered:
D:1:      amcnicky_arrival_feature_with_door, layout_rooms

Action                     || total
---------------------------++-------
  Melee: Falchion          ||    11
 Armour: Leather armour    ||     6
  Dodge: Dodged            ||    15

Table legend: (Time is in decaauts)
 A = Elapsed time spent in this place.
 B = Non-inter-level travel time spent in this place.
 C = Inter-level travel time spent in this place.
 D = Time resting spent in this place.
 E = Time spent auto-exploring this place.
 F = Levels seen in this place.
 G = Mean time per level.
                   A        B        C        D        E       F      G
               +--------+--------+--------+--------+--------+-----+--------+
         Total |     43 |     43 |      0 |      0 |      0 |   1 |   43.0 |
       Dungeon |     43 |     43 |      0 |      0 |      0 |   1 |   43.0 |
               +--------+--------+--------+--------+--------+-----+--------+

Top non-repeatable levels by time:
     D:1: 43 daAuts
